AoeStats
← varunalur2879

Arabia

507605330Analyzed
3v3 RM · 14d ago on Sep 19, 2026· 45m 57s· 6 players
Game mode
Random Map
Map size
Normal (6 player)
Population
200
Speed
Normal
Resources
Standard
Victory
Conquest
Starting age
Dark Age
Ending age
Imperial Age
RankedLock teamsTeams togetherTeam positionsShared explorationLock speedFull tech treeHidden civsTurbo modeCheats
Victory
Defeat
🇮🇳 Ethiopians · India
1293
+14
🇨🇱 Vietnamese · Chile
1281
+14
🇻🇳 Saracens · Vietnam
1176
+19
🇲🇽 Franks · Mexico
1312
-18
🇺🇸 Tupi · United States
1279
-17
🇨🇴 Ethiopians · Colombia
1141
-12
VIP IVORY
7:09 Loom
11:56 Feudal Age
15:33 Castle Age
15:21 Town Watch
16:10 Double-Bit Axe
16:32 Fletching
20:00 Bodkin Arrow
21:50 Scale Mail Armor
21:15 Champi Runner
24:13 Wheelbarrow
23:45 Champi Warrior
29:44 Bow Saw
35:16 Ballistics
37:12 Horse Collar
43:42 Imperial Age
41:58 Guard Tower
43:32 Coinage
45:21 Stone Mining
45:21 Gold Mining
45:50 Heavy Plow
THE VIPER DANNY
7:50 Loom
11:22 Feudal Age
12:07 Double-Bit Axe
12:14 Gold Mining
14:58 Fletching
18:06 Padded Archer Armor
22:20 Castle Age
22:34 Crossbowman
24:08 Bodkin Arrow
24:30 Husbandry
25:27 Thumb Ring
30:11 Scale Barding Armor
34:10 Chain Barding Armor
37:22 Forging
41:28 Light Cavalry
CCM | Zero
7:26 Loom
9:32 Feudal Age
10:08 Double-Bit Axe
19:43 Castle Age
19:14 Scale Barding Armor
19:37 Forging
21:22 Town Watch
25:22 Chain Barding Armor
30:27 Wheelbarrow
35:08 Town Patrol
36:45 Hand Cart
37:10 Husbandry
37:47 Iron Casting
42:00 Imperial Age
42:01 Fletching
varunalur2879
6:59 Loom
9:42 Feudal Age
12:43 Double-Bit Axe
15:19 Fletching
17:22 Town Watch
19:37 Wheelbarrow
23:50 Castle Age
22:09 Gold Mining
23:52 Crossbowman
24:28 Bodkin Arrow
27:08 Ballistics
29:11 Bow Saw
29:16 Padded Archer Armor
34:52 Horse Collar
43:11 Imperial Age
42:06 Heavy Plow
42:45 Gold Shaft Mining
43:15 Hand Cart
44:55 Chemistry
44:05 Bracer
43:43 Capped Ram
46:29 Thumb Ring
Perro Loco
6:35 Loom
9:07 Feudal Age
10:15 Double-Bit Axe
12:52 Fletching
15:02 Gold Mining
15:31 Town Watch
16:23 Horse Collar
16:52 Padded Archer Armor
18:22 Wheelbarrow
23:29 Castle Age
23:34 Crossbowman
24:20 Thumb Ring
24:30 Thumb Ring
25:04 Hand Cart
25:30 Bow Saw
25:45 Bodkin Arrow
26:36 Leather Archer Armor
29:12 Town Patrol
30:26 Ballistics
30:09 Stone Mining
40:57 Elite Skirmisher
45:25 Treadmill Crane
halong1301
11:57 Feudal Age
12:44 Loom
15:31 Castle Age
13:41 Double-Bit Axe
14:13 Horse Collar
17:35 Bow Saw
20:04 Heavy Plow
20:56 Stone Mining
26:14 Scale Barding Armor
26:39 Gold Mining
27:01 Husbandry
27:12 Bloodlines
26:39 Light Cavalry
29:41 Forging
30:45 Chain Barding Armor
35:57 Iron Casting
38:09 Gold Shaft Mining
48:02 Imperial Age
Connection lost

Rejoining the realm…

Still unreachable

The connection could not be restored.

Session expired

The server has moved on; the page needs a fresh start.